 Dungeon Crawl Stone Soup version 0.31.0-1-g2c135a008e (webtiles) character file.

Game seed: 11085765730865682825

349 qw the Shooter (level 6, -8/46 HPs)
             Began as a Djinni Hunter on Jan 23, 2024.
             Mangled by a gnoll
             ... wielding a +0 flail
             ... led by a gnoll bouda
              (9 damage)
             ... on level 4 of the Dungeon.
             The game lasted 00:00:09 (2903 turns).

qw the Shooter (Djinni Hunter)                      Turns: 2903, Time: 00:00:10

Health: -8/46      AC:  5    Str: 10    XL:     6   Next: 92%
Gold:   170        EV: 12    Int: 11    God:
                   SH:  0    Dex: 18

rFire   + + .        a - +0 shortbow
rCold   . . .        (shield currently unavailable)
rNeg    . . .        e - +0 ring mail
rPois   inf          (no helmet)
rElec   .            (no cloak)
rCorr   .            (no gloves)
SInv    .            (boots unavailable)
Will    .....        (no amulet)
Stlth   +            f - ring of protection from cold
HPRegen 0.27/turn    (no ring)
MPRegen 0.00/turn

%: infuse magic (-9 HP)
@: about to teleport, flying
A: sickness immunity, fire resistance 2, cold vulnerability 1, float, innate
caster, HP casting, extra vitality 1
a: no special abilities


You were on level 4 of the Dungeon.
You visited 1 branch of the dungeon, and saw 4 of its levels.

You collected 170 gold pieces.


Innate Abilities, Weirdness & Mutations

You are immune to sickness and miasma.
You are immune to poison.
Your flesh is very heat resistant. (rF++)
You are vulnerable to cold. (rC-)
You float through the air rather than walking.
You learn spells naturally, not from books.
Your magical power is your life essence.
You have superior vitality. (+4 MHP)


   Skills:
 + Level 3.5 Fighting
 - Level 5.0 Ranged Weapons
 - Level 1.0 Armour
 - Level 4.1 Dodging
 - Level 0.7 Stealth


You knew the following spells:

 Your Spells              Type           Power      Damage    Failure   Level
a - Shock                 Conj/Air       0%         1d3       65%         1
b - Call Imp              Summ           0%         N/A       80%         2
Your spell library was empty.

Inventory:

Hand Weapons
 a - a +0 shortbow (weapon)
Armour
 e - a +0 ring mail (worn)
Jewellery
 f - a ring of protection from cold (left hand)
Wands
 g - a wand of flame (5)
Scrolls
 i - a scroll of enchant armour
Potions
 c - a potion of enlightenment
 d - a potion of mutation {unknown}
 j - a potion of curing {unknown}

Dungeon Overview and Level Annotations

Branches:
Dungeon (4/15)
 Temple: D:4-7

Altars:


Message History

The gnoll bouda hits you with a +0 club.
You shoot an arrow. The arrow hits the gnoll.
The gnoll is almost dead.
The gnoll misses you. The gnoll bouda closely misses you.
You shoot an arrow. The arrow hits the gnoll.
You kill the gnoll!
Your attacks no longer feel as feeble.
The gnoll bouda hits you with a +0 club!
You shoot an arrow.
The arrow hits the gnoll bouda but does no damage.
The gnoll bouda barely misses you. The gnoll hits you with a +0 flail.
The gnoll bouda closely misses you.
You shoot an arrow. The arrow hits the gnoll bouda.
The gnoll bouda is moderately wounded.
The gnoll hits you with a +0 flail.
The gnoll bouda gazes fiercely through you!
You feel your attacks grow feeble. The gnoll bouda barely misses you.
The gnoll barely misses you.
You shoot an arrow.
The arrow closely misses the gnoll bouda.
The gnoll is no longer moving quickly.
The gnoll bouda barks out a call to the hunt!
The gnoll picks up the pace!
The gnoll hits you with a +0 flail!
2901 ||| READING scroll of teleportation.
As you read the scroll of teleportation, it crumbles to dust.
You feel strangely unstable.
The gnoll bouda hits you with a +0 club.
The gnoll barely misses you.
You shoot an arrow.
The arrow hits the gnoll bouda but does no damage.
The gnoll bouda is moderately wounded.
Your attacks no longer feel as feeble.
The gnoll bouda closely misses you. The gnoll hits you with a +0 flail.
The gnoll bouda hits you but does no damage.
You shoot an arrow. The arrow hits the gnoll bouda!
The gnoll bouda is severely wounded.
The gnoll hits you with a +0 flail! The gnoll bouda misses you.
The gnoll hits you with a +0 flail!
You die...

#################
##...##.........#
##...++..........
##...##.........#
##...##.........
##...##......###########
###.....................
.....................(..
..#...>.....#...@g##
#.........#.#.###g.....#
#.........#.#.# g.....#
#....)....#.#.# ......#
#.#+#.........# ......#
#.# #.#####.### .......
....... #.# ....##.
..#.# . .# .#### .##


You could see a gnoll bouda and 2 gnolls.

Vanquished Creatures
  Menkaure (D:4)
  A bombardier beetle (D:2)
  Ijyb (D:3)
  Natasha (thrice) (D:3)
  3 adders
  2 gnolls (D:4)
  4 dart slugs
  A ribbon worm (D:2)
  An orc (D:3)
  An endoplasm (D:3)
  2 giant cockroaches
  4 goblins (D:2)
  5 hobgoblins
  2 jackals (D:1)
  3 ball pythons
  4 bats
  3 frilled lizards (D:1)
  5 kobolds
  5 rats
51 creatures vanquished.

Notes
Turn   | Place    | Note
-------+----------+-------------------------------------------
     0 | D:1      | qw the Djinni Hunter began the quest for the Orb.
     0 | D:1      | Reached XP level 1. HP: 18/18 MP: 0/0
     0 | D:1      | 0 ||| qw: Version: 0.3-a-135-gb77e89d
     0 | D:1      | 0 ||| qw: Game counter: 918
     0 | D:1      | 0 ||| qw: Melee chars always use a shield: true
     0 | D:1      | 0 ||| qw: God list: Okawaru
     0 | D:1      | 0 ||| qw: Allow faded altars: false
     0 | D:1      | 0 ||| qw: Do Orc after clearing Dungeon:15 true
     0 | D:1      | 0 ||| qw: Do second Lair branch before Depths: true
     0 | D:1      | 0 ||| qw: Lair rune preference: random
     0 | D:1      | 0 ||| qw: Goals: Normal
     0 | D:1      | 0 ||| PLANNING D:1-11
     1 | D:1      | Noticed an electric eel
    78 | D:1      | Reached XP level 2. HP: 23/23 MP: 0/0
   603 | D:1      | 603 ||| READING scroll labelled YCESIDY AJUIT.
   604 | D:1      | 604 ||| READING scroll labelled WUPPAD OHOE.
   605 | D:1      | 605 ||| READING scroll labelled LUT ZURHENWUREN.
   706 | D:1      | 706 ||| READING 2 scrolls labelled HADYCK QEAHUTT.
   706 | D:1      | 706 ||| IDENTIFYING scroll labelled QYUMEM WIMIURGH
   707 | D:1      | 707 ||| READING scroll of identify.
   707 | D:1      | 707 ||| IDENTIFYING scroll labelled DUNTETHAUMPU
   708 | D:1      | 708 ||| DROPPING scroll of butterflies.
   725 | D:2      | 725 ||| STAIRDANCE
   730 | D:1      | Reached XP level 3. HP: 28/28 MP: 0/0
   730 | D:1      | Learned a level 1 spell: Shock
   735 | D:2      | Reached skill level 4 in Ranged Weapons
  1124 | D:2      | Reached XP level 4. HP: 34/34 MP: 0/0
  1174 | D:2      | Reached skill level 3 in Fighting
  1564 | D:2      | 1564 ||| UPGRADING to +0 ring mail.
  1574 | D:2      | 1574 ||| DROPPING +0 leather armour.
  1575 | D:2      | 1575 ||| READING scroll labelled VAT IXAPEDYTH.
  1676 | D:2      | 1676 ||| READING scroll labelled JEMEAC UHUTE.
  1715 | D:3      | Reached XP level 5. HP: 40/40 MP: 0/0
  1715 | D:3      | Learned a level 2 spell: Call Imp
  1717 | D:3      | Noticed Natasha
  1726 | D:3      | Reached skill level 1 in Armour
  1780 | D:3      | Killed Natasha
  1861 | D:3      | Noticed Natasha
  1865 | D:3      | Killed Natasha
  1866 | D:3      | 1866 ||| FLEEEEING.
  1866 | D:3      | Noticed Natasha
  1895 | D:3      | Killed Natasha
  2004 | D:3      | Found a faded altar of an unknown god.
  2435 | D:3      | Noticed Ijyb
  2452 | D:3      | Killed Ijyb
  2453 | D:3      | Reached skill level 5 in Ranged Weapons
  2453 | D:3      | Reached XP level 6. HP: 16/46 MP: 0/0
  2719 | D:3      | 2719 ||| UPGRADING to ring of protection from cold.
  2720 | D:3      | 2720 ||| READING 2 scrolls of identify.
  2720 | D:3      | 2720 ||| IDENTIFYING sedimented clear potion
  2721 | D:3      | 2721 ||| READING scroll of identify.
  2721 | D:3      | 2721 ||| IDENTIFYING golden potion
  2722 | D:3      | 2722 ||| DROPPING potion of magic.
  2864 | D:4      | Noticed Menkaure
  2865 | D:4      | 2865 ||| ZAPPING wand of flame (8) at 1,2 (Menkaure;
                  | floor).
  2866 | D:4      | 2866 ||| ZAPPING wand of flame (7) at 1,2 (Menkaure;
                  | floor).
  2867 | D:4      | 2867 ||| ZAPPING wand of flame (6) at 1,2 (Menkaure;
                  | floor).
  2867 | D:4      | Killed Menkaure
  2900 | D:4      | HP: 10/46 [gnoll/+0 flail[a gnoll bouda] (11)]
  2901 | D:4      | 2901 ||| READING scroll of teleportation.
  2903 | D:4      | HP: 1/46 [gnoll/+0 flail[a gnoll bouda] (7)]
  2903 | D:4      | Mangled by a gnoll

Levels and vault maps discovered:
D:1:      arrival_aquarium_a, layout_loops_cross
D:2:      layout_loops_corners
D:3:      layout_basic, shapermc_ecumenical_altar_venn, minmay_crystal_water,
          kennysheep_pointless_box, uniq_natasha, uniq_ijyb
D:4:      layout_basic, elyvilon_altar_1, minmay_temple_entry_glass,
          chequers_avenue, minmay_strange_pillars, minmay_distorted,
          uniq_menkaure

Skill      XL: |  1  2  3  4  5  6 |
---------------+-------------------+-----
Ranged Weapons | 4 5 |  5.0
Fighting       | 3 |  3.5
Armour         | 1 |  1.0
Dodging        | 4 |  4.1
Stealth        | |  0.7

Action                     |  1- 3 |  4- 6 || total
---------------------------+-------+-------++-------
   Fire: Shortbow          |    92 |   120 ||   212
  Evoke: Wand              |       |     3 ||     3
    Use: Scroll            |     5 |     5 ||    10
 Armour: Leather armour    |    42 |     1 ||    43
         Ring mail         |       |    45 ||    45
  Dodge: Dodged            |    22 |    38 ||    60

Table legend:
 A = Non-vault XP
 B = Vault XP
 C = Vault XP percentage of total XP
 D = Non-vault monster count
 E = Vault monster count
 F = Vault count percentage of total count
                 A         B        C        D         E       F
            +---------+---------+-------+---------+---------+-------
      Total |     256 |     243 |  48.7 |      48 |       3 |   5.9
            +---------+---------+-------+---------+---------+-------
        D:1 |      29 |       0 |   0.0 |      18 |       0 |   0.0
        D:2 |      95 |       0 |   0.0 |      14 |       0 |   0.0
        D:3 |     105 |      71 |  40.3 |      14 |       2 |  12.5
        D:4 |      27 |     172 |  86.4 |       2 |       1 |  33.3
            +---------+---------+-------+---------+---------+-------
